 Dungeon Crawl Stone Soup version 0.28.0-47-ge53b351184 (webtiles) character file.

Game seed: 10899114964933426334

28249 pkoi the Martial Artist (level 12, -7/96 HPs)
             Began as a Demigod Venom Mage on May 8, 2022.
             Mangled by a quicksilver ooze (9 damage)
             ... in a Gauntlet.
             The game lasted 00:54:09 (28013 turns).

pkoi the Martial Artist (Demigod Venom Mage)       Turns: 28013, Time: 00:54:10

Health: -7/96      AC: 10    Str:  9    XL:     12   Next: 74%
Magic:  0/25       EV: 15    Int: 33    God:
Gold:   698        SH:  9    Dex: 18    Spells: 10/23 levels left

rFire   . . .      SeeInvis .   e - +7 staff of the Meek {protect, meekguard}
rCold   . . .      Faith    .   (shield currently unavailable)
rNeg    + . .      Spirit   .   J - +0 troll leather armour
rPois   +          Reflect  +   m - +1 helmet
rElec   .          Harm     .   E - +2 cloak {rPois}
rCorr   .          Rampage  .   (no gloves)
Will    +....      NoTele   +   (no boots)
Stlth   +++.......              u - amulet of reflection
HPRegen 1.06/turn               o - ring of Nickulin {rN+ Dex+4 Stlth+}
MPRegen 0.19/turn               L - ring of flight

@: engulfed (cannot breathe), flying
A: high MP 1, forlorn, divine attributes, large bone plates 1
a: no special abilities


You were in a Gauntlet.
You visited 2 branches of the dungeon, and saw 13 of its levels.
You also visited: Bailey and Gauntlet.

You collected 788 gold pieces.
You spent 90 gold pieces at shops.

Inventory:

Hand Weapons
 c - a +1 short sword of flaming
 e - the +7 staff of the Meek (weapon) {protect, meekguard}
   (You found it on level 7 of the Dungeon)

   It grants its wielder temporary protection when it strikes (+7 to AC).
   It provides extra protection to wielders with little health.
Missiles
 q - 41 poisoned darts
 x - a curare-tipped dart
 F - 8 boomerangs
Armour
 i - +0 acid dragon scales
 m - a +1 helmet (worn)
 y - a +2 kite shield of reflection
 E - a +2 cloak of poison resistance (worn)
 J - a +0 troll leather armour (worn)
Jewellery
 o - the ring of Nickulin (left hand) {rN+ Dex+4 Stlth+}
   (You found it on level 4 of the Dungeon)

   [ring of positive energy]

   Dex:       It affects your dexterity (+4).
   rN:        It protects you from negative energy.
   Stlth:     It makes you more stealthy.
 u - an amulet of reflection (around neck)
 L - a ring of flight (right hand)
 N - a ring of see invisible
Wands
 k - a wand of charming (2)
 z - a wand of flame (39)
 P - a wand of acid (6)
Scrolls
 b - 5 scrolls of teleportation
 f - a scroll of magic mapping
 l - 5 scrolls of identify
 n - 3 scrolls of enchant weapon
 v - a scroll of fog
 I - a scroll of acquirement
Potions
 g - 10 potions of curing
 h - a potion of brilliance
 j - 2 potions of cancellation
 p - 3 potions of ambrosia
 r - 2 potions of might
 t - 2 potions of magic
 A - 2 potions of haste
 B - a potion of flight
 D - a potion of degeneration
 H - a potion of invisibility
Miscellaneous
 M - a condenser vane (inert)


   Skills:
 - Level 6.0 Fighting
 - Level 6.0 Armour
 - Level 7.0 Dodging
 - Level 3.0 Stealth
 + Level 3.2 Shields
 + Level 10.6 Unarmed Combat
 - Level 6.0 Spellcasting
 - Level 3.0 Conjurations
 + Level 5.5 Transmutations
 + Level 5.5 Air Magic
 - Level 7.0 Poison Magic
 - Level 5.0 Evocations


You had 10 spell levels left.
You knew the following spells:

 Your Spells              Type           Power      Damage    Failure   Level
a - Sting                 Tmut/Pois      100%       1d8       1%          1
b - Poisonous Vapours     Pois/Air       100%       N/A       1%          2
c - Spider Form           Tmut/Pois      51%        N/A       1%          3
d - Olgreb's Toxic Radia  Pois           54%        N/A       3%          4
e - Mephitic Cloud        Conj/Pois/Air  44%        N/A       1%          3

Your spell library contained the following spells:

 Spells                   Type           Power      Damage    Failure   Level
 Beastly Appendage        Tmut           92%        N/A       1%          1
 Wereblood                Tmut           46%        N/A       1%          2
 Passwall                 Tmut/Erth      23%        N/A       2%          2
 Sandblast                Erth           18%        2d7       5%          1
 Ensorcelled Hibernation  Hex/Ice        18%        N/A       9%          2
 Stone Arrow              Conj/Erth      38%        3d9       9%          3
 Gell's Gravitas          Tloc           9%         N/A       17%         3
 Lesser Beckoning         Tloc           9%         N/A       17%         3
 Ozocubu's Armour         Ice            9%         N/A       17%         3
 Teleport Other           Tloc           9%         N/A       17%         3
 Anguish                  Hex/Necr       4%         N/A       50%         4
 Animate Dead             Necr           4%         N/A       50%         4
 Eringya's Noxious Bog    Tmut/Pois      25%        N/A       54%         6
 Metabolic Englaciation   Hex/Ice        4%         N/A       83%         5
 Simulacrum               Ice/Necr       4%         N/A       100%        6
 Haunt                    Necr/Summ      4%         N/A       100%        7
 Infestation              Necr           4%         N/A       100%        8


Dungeon Overview and Level Annotations

Branches:
Dungeon (11/15)            Temple (0/1) D:7            Lair (2/6) D:11
    Orc (0/2) D:10         Bailey (visited)         Gauntlet (1/1)
  Swamp: Lair:2-4    Shoals: Lair:2-4     Snake: Lair:2-4    Spider: Lair:2-4

Shops:
D:3 ?   D:6 [

Portals:
Ice
Cave: Lair:2

Annotations:
D:10 3 runed translucent doors, pkoi's ghost, novice DgAE Gauntlet 21 runed translucent doors, 11 transporters


Innate Abilities, Weirdness & Mutations

You have an increased reservoir of magic. (+10% MP)
You shall have no god before yourself.
Your divine heritage dramatically boosts your attributes as you level up.
You are partially covered in large bone plates. (SH +4)


Message History

The quicksilver ooze barely misses you. The quicksilver ooze hits you!
* * * LOW HITPOINT WARNING * * *
You feel your power leaking away. The quicksilver ooze hits you.
The quicksilver ooze hits you but does no damage.
Aiming: Throw Flame
Press: ? - help, Shift-Dir - straight line, f/p - quicksilver ooze
Aim: a quicksilver ooze (severely wounded, 57% to hit)
The puff of flame hits the quicksilver ooze but does no damage.
The quicksilver ooze is severely wounded.
* * * LOW HITPOINT WARNING * * *
Your lungs strain for air!
The quicksilver ooze hits you!
* * * LOW HITPOINT WARNING * * *
The quicksilver ooze hits you.
* * * LOW HITPOINT WARNING * * *
Aiming: Throw Flame
Press: ? - help, Shift-Dir - straight line, f/p - quicksilver ooze
Aim: a quicksilver ooze (severely wounded, 57% to hit)
The puff of flame hits the quicksilver ooze!
The quicksilver ooze is almost dead.
* * * LOW HITPOINT WARNING * * *
Your lungs strain for air!
The quicksilver ooze closely misses you.
The quicksilver ooze hits you!
* * * LOW HITPOINT WARNING * * *
You feel your power leaking away. The quicksilver ooze hits you.
* * * LOW HITPOINT WARNING * * *
The quicksilver ooze hits you!
* * * LOW HITPOINT WARNING * * *
Aiming: Throw Flame
Press: ? - help, Shift-Dir - straight line, f/p - quicksilver ooze
Aim: a quicksilver ooze (almost dead, 57% to hit)
The puff of flame hits the quicksilver ooze.
The quicksilver ooze is almost dead.
* * * LOW HITPOINT WARNING * * *
Your lungs strain for air!
The quicksilver ooze hits you!
You die...

#########################
###≈............≈∩§........
#8#.......©.............©..
###..###########...########
#..#.........#...#..+.©.+
###..#.........#.∩.#..+...+
#8#..#.........#...#++#+#+#
###..#....J....#...#..+...+
#..#....@....#...#..+...+
###..#.........#...#++#...#
#8#..#.........#...#43#+++#
###..#.........#...#.......
#..#..[)©"...#...#...4©?.
###..###########...########
#8#.....#.©.#....≈§.§......
###...8.#...#...≈8≈§.......
#.....#.©.#....≈§........


You could see a quicksilver ooze.

Vanquished Creatures
  Josephine (D:11)
  Harold (D:7)
  A boulder beetle (Lair:2)
  A hydra (Lair:2)
  2 two-headed ogres
  A tengu warrior (D:11)
  An orc high priest (Bailey)
  2 orc knights (Bailey)
  A manticore (D:11)
  3 cyclopes
  A black mamba (Lair:1)
  2 gargoyles (D:11)
  A torpor snail (Lair:1)
  3 komodo dragons (Lair:1)
  2 cane toads
  A kobold demonologist (Bailey)
  3 trolls
  A meliai zombie (D:10)
  Sigmund (D:2)
  Grum (D:8)
  9 wraiths
  A human (shapeshifter) (D:11)
  45 yaks
  4 vampire mosquitoes (D:11)
  2 acid dragons
  5 water moccasins
  16 orc warriors
  A sky beast (D:5)
  4 ice beasts
  3 ogres
  A hornet zombie (D:6)
  A necrophage (D:7)
  9 wolves
  5 centaurs
  2 kobold brigands
  A phantom (D:4)
  2 scorpions (D:5)
  2 bullfrogs
  19 killer bees
  2 vampire bats (D:6)
  6 wights
  2 electric eels (Bailey)
  6 howler monkeys
  8 centaur zombies
  3 jellies
  10 orc priests
  Crazy Yiuf (D:6)
  A gnoll shaman (D:5)
  2 hounds
  A bullfrog skeleton (D:6)
  An iguana (D:6)
  9 orc wizards
  A killer bee zombie (D:8)
  A hound skeleton (D:5)
  7 adders
  10 gnolls
  A shadow imp (D:7)
  3 white imps
  An adder skeleton (D:4)
  A worm (D:2)
  A dart slug (D:2)
  60 orcs
  7 bats
  A bat skeleton (D:6)
  4 bat zombies (D:6)
  8 endoplasms
  2 giant cockroaches
  16 goblins
  10 hobgoblins
  5 quokkas
  5 ball pythons
  A frilled lizard (D:2)
  18 kobolds
  4 rats
  A spectral goblin (D:3)
382 creatures vanquished.

Vanquished Creatures (others)
  A gnoll shaman (D:5)
  A hound (D:5)
  A gnoll (D:5)
  An adder (D:5)
  A dart slug (D:5)
  6 fungi
11 creatures vanquished.

Grand Total: 393 creatures vanquished

Notes
Turn   | Place    | Note
-------+----------+-------------------------------------------
     0 | D:1      | pkoi the Demigod Venom Mage began the quest for the Orb.
     0 | D:1      | Reached XP level 1. HP: 14/14 MP: 5/5
    53 | D:1      | Reached skill level 1 in Transmutations
   539 | D:1      | Reached XP level 2. HP: 13/20 MP: 2/7
  1922 | D:2      | Reached XP level 3. HP: 26/26 MP: 5/8
  2077 | D:2      | Reached skill level 1 in Unarmed Combat
  2132 | D:2      | Noticed Sigmund
  2516 | D:1      | Learned a level 2 spell: Poisonous Vapours
  2553 | D:2      | Killed Sigmund
  2554 | D:2      | Reached skill level 2 in Unarmed Combat
  2554 | D:2      | Reached XP level 4. HP: 28/33 MP: 1/9
  2554 | D:2      | Reached XP level 5. HP: 33/38 MP: 1/10
  3191 | D:3      | Reached skill level 3 in Unarmed Combat
  3282 | D:3      | Gained mutation: You are partially covered in large bone
                  | plates. (SH +4) [potion of mutation]
  3583 | D:3      | Found Qeonn's Magic Scroll Shop.
  3725 | D:3      | Bought a scroll of blinking for 90 gold pieces
  3747 | D:3      | Noticed a tormentor
  5918 | D:4      | Identified the ring of Nickulin {rN+ Dex+4 Stlth+}
  6108 | D:4      | Reached XP level 6. HP: 28/45 MP: 11/11
  6320 | D:4      | Learned a level 3 spell: Spider Form
  6401 | D:4      | Reached skill level 1 in Air Magic
  6900 | D:5      | Entered Level 5 of the Dungeon
  7126 | D:5      | Reached skill level 4 in Unarmed Combat
  7338 | D:5      | Reached XP level 7. HP: 49/50 MP: 8/13
  7380 | D:5      | Learned a level 4 spell: Olgreb's Toxic Radiance
  8526 | D:5      | Reached skill level 1 in Evocations
  8981 | D:5      | Reached skill level 5 in Unarmed Combat
  9434 | D:5      | Reached XP level 8. HP: 42/57 MP: 11/15
 10047 | D:6      | Reached skill level 5 in Poison Magic
 10158 | D:6      | Reached skill level 1 in Fighting
 10158 | D:6      | Reached skill level 1 in Armour
 10529 | D:6      | Found Nocruoj's Armour Shoppe.
 11714 | D:6      | Reached skill level 6 in Unarmed Combat
 12142 | D:6      | Found a runed translucent door.
 12143 | D:6      | Noticed Crazy Yiuf
 12148 | D:6      | Killed Crazy Yiuf
 12333 | D:7      | Found a flagged portal.
 12347 | Bailey   | Entered a bailey
 12407 | Bailey   | Reached XP level 9. HP: 64/67 MP: 10/18
 12459 | Bailey   | Learned a level 3 spell: Mephitic Cloud
 12935 | Bailey   | Noticed an orc high priest
 12948 | Bailey   | Noticed a hellwing
 12948 | Bailey   | Noticed a sun demon
 12961 | Bailey   | Noticed a sun demon
 12962 | Bailey   | HP: 3/67 [sun demon[an orc high priest] (10)]
 12964 | Bailey   | Killed an orc high priest
 12965 | Bailey   | Reached skill level 1 in Conjurations
 13329 | Bailey   | Noticed an orc knight
 13366 | Bailey   | Noticed an orc knight
 13380 | Bailey   | Killed an orc knight
 13381 | Bailey   | Reached skill level 7 in Unarmed Combat
 13387 | Bailey   | Killed an orc knight
 13755 | Bailey   | Identified the +1 flail of the Snake Pit {pain, rPois
                  | Stlth+}
 13766 | Bailey   | Reached XP level 10. HP: 42/77 MP: 20/20
 14311 | Bailey   | Got the Grimoire of Poisoning
 15099 | D:7      | Found a staircase to the Ecumenical Temple.
 15234 | D:7      | Noticed Harold
 15299 | D:7      | Killed Harold
 15462 | D:7      | Found the +7 staff of the Meek {protect, meekguard}
 15615 | D:8      | Noticed Grum
 15908 | D:8      | Killed Grum
 16209 | D:8      | Reached skill level 8 in Unarmed Combat
 16992 | D:8      | Reached skill level 5 in Spellcasting
 17682 | D:9      | Reached XP level 11. HP: 67/85 MP: 9/22
 18254 | D:9      | Reached skill level 5 in Evocations
 18845 | D:9      | HP: 2/85 [yak (6)]
 19464 | D:9      | Reached skill level 5 in Dodging
 19950 | D:9      | Noticed a two-headed ogre
 19989 | D:9      | Killed a two-headed ogre
 20148 | D:10     | Entered Level 10 of the Dungeon
 20169 | D:10     | Reached skill level 9 in Unarmed Combat
 20198 | D:10     | Noticed a two-headed ogre
 20235 | D:10     | Killed a two-headed ogre
 20236 | D:10     | Reached skill level 5 in Fighting
 20236 | D:10     | Reached skill level 5 in Armour
 21331 | D:10     | Found a staircase to the Orcish Mines.
 21835 | D:10     | Found a runed translucent gate.
 21835 | D:10     | Found a runed translucent gate.
 21835 | D:10     | Found a runed translucent gate.
 21837 | D:10     | Noticed pkoi's ghost (novice DgAE)
 22202 | D:11     | HP: 4/88 [troll (7)]
 22935 | D:11     | Reached XP level 12. HP: 45/95 MP: 25/25
 24279 | D:11     | Reached skill level 10 in Unarmed Combat
 24755 | D:11     | Noticed Josephine
 25089 | D:11     | Killed Josephine
 25090 | D:11     | Reached skill level 1 in Shields
 25456 | D:11     | Found a staircase to the Lair.
 25738 | Lair:1   | Entered Level 1 of the Lair of Beasts
 26280 | Lair:1   | Reached skill level 5 in Transmutations
 26285 | Lair:1   | Reached skill level 5 in Air Magic
 27433 | Lair:2   | Noticed a seven-headed hydra
 27641 | Lair:2   | Killed a seven-headed hydra
 27662 | Lair:2   | Found a frozen archway.
 27666 | Lair:2   | Noticed a boulder beetle
 27677 | Lair:2   | Killed a boulder beetle
 27680 | Lair:2   | Found a gate leading to a gauntlet.
 27727 | Gauntlet | Entered a Gauntlet
 27727 | Gauntlet | Noticed a quicksilver ooze
 27727 | Gauntlet | Found a large runed translucent door.
 27727 | Gauntlet | Found a large runed translucent door.
 27727 | Gauntlet | Found a large runed translucent door.
 27727 | Gauntlet | Found a large runed translucent door.
 27727 | Gauntlet | Found a runed translucent door.
 27727 | Gauntlet | Found a large runed translucent door.
 27727 | Gauntlet | Found a large runed translucent door.
 27727 | Gauntlet | Found a transporter.
 27727 | Gauntlet | Found a transporter.
 27727 | Gauntlet | Found a large runed translucent door.
 27727 | Gauntlet | Found a large runed translucent door.
 27727 | Gauntlet | Found a runed translucent gate.
 27727 | Gauntlet | Found a runed translucent gate.
 27727 | Gauntlet | Found a transporter.
 27727 | Gauntlet | Found a transporter.
 27799 | Gauntlet | Found a transporter.
 27800 | Gauntlet | Found a runed translucent gate.
 27800 | Gauntlet | Found a runed translucent door.
 27805 | Gauntlet | Found a large runed translucent door.
 27805 | Gauntlet | Found a large runed translucent door.
 27806 | Gauntlet | Found a large runed translucent door.
 27807 | Gauntlet | Found a large runed translucent door.
 27811 | Gauntlet | Found a transporter.
 27816 | Gauntlet | Found a transporter.
 27828 | Gauntlet | Found a transporter.
 27834 | Gauntlet | Found a transporter.
 27887 | Gauntlet | Found a large runed translucent door.
 27887 | Gauntlet | Found a large runed translucent door.
 27888 | Gauntlet | Found a large runed translucent door.
 27889 | Gauntlet | Found a large runed translucent door.
 27903 | Gauntlet | Found a transporter.
 27913 | Gauntlet | Noticed a catoblepas
 27918 | Gauntlet | Found a transporter.
 27928 | Gauntlet | Found a transporter.
 28013 | Gauntlet | HP: 1/96 [drowned by a quicksilver ooze (8)]
 28013 | Gauntlet | Mangled by a quicksilver ooze

Illustrated notes

Levels and vault maps discovered:
D:1:      minmay_arrival_hallway, layout_basic, grunt_decor_cap,
          minmay_misc_feat_enclosed
D:2:      layout_rooms, hangedman_abyss_or_decor_stabs, grunt_ministairs_10,
          uniq_sigmund
D:3:      layout_basic, nicolae_hepliaklqana_monster_ancestors,
          mainiacjoe_overflow_concentric_impassable,
          dreamdust_ecumenical_altar_sealed_demon, serial_shops, shop,
          feat_on_display
D:4:      layout_cave_pools, nicolae_tso_carved_into_rock,
          okawaru_ov_weapons_minmay, minivault_14
D:5:      layout_basic, xom_confusion_cloud
D:6:      layout_loops_corners, nicolae_gozag_seed_capital,
          kennysheep_vampire_church, vehumet_altar_wand_db, serial_shops,
          shop_fountains, uniq_crazy_yiuf_cottage
D:7:      layout_loops_ring, minmay_temple_entry_ruins, enter_bailey_4,
          uniq_harold
D:8:      layout_rooms, mainiacjoe_overflow_alcove_4, patterned_corridor,
          uniq_grum
D:9:      layout_basic, grunt_qazlal_clouds
D:10:     layout_rooms, nicolae_ru_path_of_blood, hiddenorc2_lemuel,
          ebering_ghost_rock_garden
D:11:     kennysheep_blocky_room, layout_rooms, lair_entry_dummy, uniq_josephine
Lair:1:   layout_cave_pods, chequers_serial_rivers_marsh
Lair:2:   layout_cave_pods, gauntlet_entry_generic,
          portal_ice_cave_entry_pillars_2
Gauntlet: gammafunk_gauntlet_shortcut [gammafunk_gauntlet_arena_open,
          gammafunk_gauntlet_arena_split_x,
          minmay_gauntlet_arena_make_your_own_arena,
          nicolae_gauntlet_arena_grate_2, gammafunk_gauntlet_arena_spirals,
          gammafunk_gauntlet_arena_grid, gauntlet_exit_green]

Skill      XL: |  1  2  3  4  5  6  7  8  9 10 11 12 |
---------------+-------------------------------------+-----
Transmutations | 1 2 3 5 |  5.5
Poison Magic   | 3 4 5 6 7 |  7.0
Unarmed Combat | 2 3 4 5 6 7 8 9 10 | 10.6
Spellcasting   | 2 3 4 5 6 |  6.0
Stealth        | 2 3 |  3.0
Air Magic      | 1 2 3 5 |  5.5
Evocations     | 1 2 3 4 5 |  5.0
Dodging        | 2 3 4 6 7 |  7.0
Fighting       | 1 3 4 5 6 |  6.0
Armour         | 2 3 4 5 6 |  6.0
Conjurations   | 2 3 |  3.0
Shields        | 3 |  3.2

Action                   |  1- 3 |  4- 6 |  7- 9 | 10-12 || total
-------------------------+-------+-------+-------+-------++-------
Melee: Mace              |    10 |    14 |       |       ||    24
       Club              |     3 |       |       |       ||     3
       Unarmed           |     2 |     8 |     7 |   108 ||   125
       Short sword       |       |    40 |   143 |     1 ||   184
       Punch             |       |       |     9 |     9 ||    18
       Quarterstaff      |       |       |       |   399 ||   399
       Flail             |       |       |       |    10 ||    10
 Cast: Sting             |    65 |    89 |    92 |   102 ||   348
       Poisonous Vapours |     5 |    19 |    37 |   136 ||   197
       Spider Form       |       |     1 |     2 |     1 ||     4
       Olgreb's Toxic Ra |       |       |    12 |    60 ||    72
       Mephitic Cloud    |       |       |     2 |     1 ||     3
 Abil: End Transformatio |       |       |       |     1 ||     1
Evoke: Wand              |       |       |    11 |    20 ||    31
       Condenser vane    |       |       |       |     1 ||     1
  Use: Scroll            |       |     4 |     3 |    14 ||    21
       Potion            |       |     4 |       |     1 ||     5
 Stab: Paralysed         |       |       |    11 |       ||    11
       Sleeping          |       |       |     1 |     3 ||     4
       Distracted        |       |       |     1 |       ||     1
       Confused          |       |       |     2 |       ||     2
Armor: Robe              |     7 |    10 |    51 |    25 ||    93
       Skin              |       |     2 |       |     1 ||     3
       Acid dragon scale |       |       |       |    71 ||    71
       Troll leather arm |       |       |       |   157 ||   157
Dodge: Dodged            |    33 |    62 |   117 |   448 ||   660
Block: Other             |     5 |    48 |    90 |   319 ||   462
       Reflection        |       |     1 |     5 |     8 ||    14
